 Dungeon Crawl Stone Soup version 0.25-a0-1024-gbfbf38f2cb (webtiles) character file.

Game seed: 459645748970111248, levelgen mode: deterministic

212 Flugslaktarn the Chopper (level 5, 0/50 HPs)
             Began as a Naga Fighter on May 12, 2020.
             Slain by an orc wizard
             ... wielding a +0 dagger
              (3 damage)
             ... on level 3 of the Dungeon.
             The game lasted 00:00:58 (2486 turns).

Flugslaktarn the Chopper (Naga Fighter)             Turns: 2486, Time: 00:00:59

Health: 0/50       AC:  5    Str: 19    XL:     5   Next: 89%
Magic:  5/5        EV:  5    Int:  9    God:
Gold:   108        SH:  9    Dex: 10    Spells: 4/4 levels left

rFire    . . .     SeeInvis +   a - +0 war axe
rCold    . . .     Gourm    .   c - +0 kite shield
rNeg     . . .     Faith    .   b - +0 scale mail
rPois    +         Spirit   .   (no helmet)
rElec    .         Reflect  .   (no cloak)
rCorr    .         Harm     .   (no gloves)
MR       .....                  (no barding)
Stlth    ..........             (no amulet)
HPRegen  0.16/turn              (no ring)
MPRegen  0.09/turn              (no ring)

@: short of breath, very slow
A: large, see invisible, deformed body, poison resistance, slowness 2, slow
metabolism 1, spit poison 1, AC +1
a: Spit Poison


You were on level 3 of the Dungeon.
You were not hungry.

You visited 1 branch of the dungeon, and saw 3 of its levels.

You collected 108 gold pieces.

Inventory:

Hand Weapons
 a - a +0 war axe (weapon)
Armour
 b - a +0 scale mail (worn)
 c - a +0 kite shield (worn)
Jewellery
 f - an uncursed ring of fire
   (You found it on level 1 of the Dungeon)
Scrolls
 g - a scroll of fear {unknown}
 i - 4 scrolls of remove curse {unknown}
 j - 3 scrolls of identify {unknown}
 l - a scroll of enchant weapon {unknown}
 p - a scroll of enchant armour {unknown}
Potions
 d - a potion of might
 h - 3 potions of heal wounds {unknown}
 k - a potion of lignification {unknown}
 m - a potion of curing {unknown}
 n - a potion of brilliance {unknown}
 o - a potion of resistance {unknown}
 r - a potion of degeneration {unknown}
 s - a potion of mutation {unknown}
Comestibles
 e - 4 rations
 q - 6 chunks of flesh


   Skills:
 + Level 3.8 Fighting
 * Level 4.0 Axes
 + Level 3.1 Armour
 + Level 3.1 Shields


You had 4 spell levels left.
You didn't know any spells.
Your spell library was empty.

Dungeon Overview and Level Annotations

Branches:
Dungeon (3/15)

Altars:
Yredelemnul


Innate Abilities, Weirdness & Mutations

You cannot wear boots.
Your serpentine skin is tough. (AC +1)
You have supernaturally acute eyesight. (SInv)
Armour fits poorly on your strangely shaped body.
Your system is resistant to poisons. (rPois)
You cover ground very slowly.
You have a slow metabolism.
You can spit poison.


Message History

You are too injured to fight recklessly!
Press: ? - help, Shift-Dir - straight line, f - orc wizard
Aim: an orc wizard, wielding a +0 dagger and wearing a +0 robe (heavily wounded, fast)
The splash of poison hits the orc wizard.
The orc wizard is heavily wounded.
You feel slightly more hungry. You block the orc wizard's attack.
The orc wizard hits you but does no damage.
The orc barely misses you.
The orc wizard points at you and mumbles some strange words.
The puff of flame misses you.
You can't do that yet.
Unknown command.
You closely miss the orc wizard.
The orc wizard is heavily wounded.
The orc wizard gestures at you while chanting.
The puff of flame hits you!
* * * LOW HITPOINT WARNING * * *
You block the orc's attack.
The orc wizard hits you with a +0 dagger.
You die...

# ##....#..#
###..###..##
....###...#
..#####.#.# ###
.####...#.# ###.#
.# #..###÷###...#
.# #.##..÷....#.#
.###....#.#####.##
.#...####># #.@###
....## #.# ##.o)#
...## #.# ###o#
..## #.# #..# ..#
#.# #)..# .## #.#
......# .#
.........# .#
...........# .#
##......=..#


You could see an orc wizard (fast) and an orc.

Vanquished Creatures
  A worker ant zombie (D:2)
  4 gnolls (D:3)
  6 adders
  An ooze (D:2)
  An adder zombie (D:2)
  An adder skeleton (D:2)
  2 worms (D:3)
  3 dart slugs
  A leopard gecko (D:2)
  6 orcs (D:3)
  2 ball pythons
  7 bats
  A bat skeleton (D:2)
  5 giant cockroaches
  2 gnoll zombies (D:2)
  11 goblins
  13 hobgoblins
  A jackal (D:1)
  3 kobolds
  2 frilled lizards (D:3)
  A leopard gecko skeleton (D:2)
  8 rats
82 creatures vanquished.

Notes
Turn   | Place    | Note
-------+----------+-------------------------------------------
     0 | D:1      | Flugslaktarn the Naga Fighter began the quest for the Orb.
     0 | D:1      | Reached XP level 1. HP: 21/21 MP: 1/1
    91 | D:1      | Reached XP level 2. HP: 28/28 MP: 2/2
   659 | D:1      | Reached XP level 3. HP: 33/34 MP: 3/3
  1174 | D:2      | Reached skill level 3 in Axes
  1278 | D:2      | Reached XP level 4. HP: 42/42 MP: 4/4
  1616 | D:2      | Found a basalt altar of Yredelemnul.
  2051 | D:3      | Reached XP level 5. HP: 47/49 MP: 5/5
  2435 | D:3      | Reached skill level 4 in Axes
  2486 | D:3      | Slain by an orc wizard

Illustrated notes

Levels and vault maps discovered:
D:1:      heliophobic_arrival_ceremonial_halls, layout_rooms, serial_glass,
          glass_columns_a, glass_columns_b, minmay_unequal
D:2:      layout_rooms, lemuel_zombie_altar_yredelemnul, serial_undead,
          serial_undead_a, serial_undead_d, serial_undead_f, serial_undead_c
D:3:      layout_rooms, led_sif_book

Skill      XL: |  1  2  3  4  5 |
---------------+----------------+-----
Axes           | 3 4 |  4.0
Armour         | 3 |  3.1
Shields        | 3 |  3.1
Fighting       | |  3.8

Action                   |  1- 3 |  4- 6 || total
-------------------------+-------+-------++-------
Melee: War axe           |   100 |   160 ||   260
 Abil: Spit Poison       |       |     2 ||     2
  Eat: Chunk             |       |     4 ||     4
Armor: Scale mail        |    79 |    62 ||   141
Dodge: Dodged            |    39 |    45 ||    84
Block: Kite shield       |    68 |    91 ||   159

Table legend:
 A = Non-vault XP
 B = Vault XP
 C = Vault XP percentage of total XP
 D = Non-vault monster count
 E = Vault monster count
 F = Vault count percentage of total count
                 A         B        C        D         E       F
            +---------+---------+-------+---------+---------+-------
      Total |     267 |      36 |  11.9 |      72 |      10 |  12.2
            +---------+---------+-------+---------+---------+-------
        D:1 |      30 |       7 |  18.9 |      15 |       4 |  21.1
        D:2 |      83 |      29 |  25.9 |      23 |       6 |  20.7
        D:3 |     154 |       0 |   0.0 |      34 |       0 |   0.0
            +---------+---------+-------+---------+---------+-------
